Jets vs MapleLeafs

Created - 24 mars 2018 at 22:47

Goals
1 2 3 T
Jets 1 2 2 5
MapleLeafs 0 1 0 1
Shots
1 2 3 T
Jets 7 21 16 44
MapleLeafs 4 3 6 13

1st period

1. Jets , Rickard Rakell 33 (Frans Nielsen 46, Nino Niederreiter 35) at 17:03

Penalties :
Tanner Glass (TOR) for Hooking (Minor) at 5:48, Rickard Rakell (WPG) for Delaying the game (Minor) at 10:34

2nd period

2. Jets , Jamie Benn 46 (Mikko Koivu 64) at 8:18
3. Jets , Nick Holden 6 (Jamie Benn 52, Tobias Enstrom 21) at 8:45
4. MapleLeafs , Tanner Glass 9 (Jason Demers 25, Travis Hamonic 21) at 9:36

Penalties :
Nazem Kadri (TOR) for Tripping (Minor) at 2:19, Cody Franson (TOR) for Slashing (Minor) at 4:32, Travis Hamonic (TOR) for Roughing (Minor) at 7:06, Bryan Rust (WPG) for Holding (Minor) at 7:06, Radko Gudas (TOR) for Hooking (Minor) at 12:43, Zach Bogosian (TOR) for Hooking (Minor) at 15:06, Dmitry Kulikov (TOR) for Hooking (Minor) at 17:21, Beau Bennett (TOR) for Holding (Minor) at 17:34

3rd period

5. Jets , Hampus Lindholm 11 (Nino Niederreiter 36, Jonas Brodin 34) at 11:50
6. Jets , Rickard Rakell 34 (Frans Nielsen 47, Connor Carrick 6) at 12:20

Penalties :
Jamie Benn (WPG) for Tripping (Minor) at 1:35, Nazem Kadri (TOR) for Holding (Minor) at 2:35, Rickard Rakell (WPG) for Roughing (Minor) at 7:18

Goalie Stats

Cory Schneider (WPG), 12 saves from 13 shots - (0.923), W, 37-17-6, 60:00 minutes
Marc-Andre Fleury (TOR), 39 saves from 44 shots - (0.886), L, 21-32-8, 60:00 minutes

Players Stats for Jets

Player Name              G  A  P  +/- PIM S  H  SB GA TA FO     MP     PP MP  PK MP  
------------------------------------------------------------------------------------
Bryan Rust               0  0  0   1  2   0  0  0  0  0  0/0     2:33   0:03   0:00 
Cam Atkinson             0  0  0   0  0   5  0  1  0  0  1/3    20:24   6:59   0:00 
Connor Carrick           0  1  1   1  0   0  0  0  0  0  0/0     6:48   0:03   0:00 
Frans Nielsen            0  2  2   1  0   4  2  1  0  0  16/26  18:46   6:05   0:41 
Hampus Lindholm          1  0  1   2  0   2  2  0  0  0  0/0    23:38   6:17   3:48 
Jamie Benn               1  1  2   2  2   9  3  0  0  0  0/0    21:42   6:59   0:00 
Jeff Skinner             0  0  0   1  0   6  1  0  0  0  0/0    20:55   6:05   1:24 
Jonas Brodin             0  1  1   3  0   2  0  0  0  0  0/0    20:12   5:39   0:00 
Jordie Benn              0  0  0   1  0   0  1  0  0  0  0/0    16:44   1:11   0:28 
Marian Hossa             0  0  0   0  0   2  0  0  0  0  0/1    15:52   0:03   3:12 
Matt Irwin               0  0  0   0  0   1  1  1  0  0  0/0    11:25   0:00   0:42 
Mika Zibanejad           0  0  0   0  0   0  0  0  0  0  6/10   12:03   0:00   0:22 
Mikko Koivu              0  1  1   2  0   2  1  0  0  0  21/37  22:42   6:59   0:00 
Nick Holden              1  0  1   0  0   1  1  0  0  0  0/0    20:52   7:25   1:10 
Nino Niederreiter        0  2  2   2  0   5  2  0  0  0  0/2    13:06   0:03   0:00 
Radek Faksa              0  0  0   0  0   1  0  0  0  0  3/9     6:34   0:00   4:17 
Rickard Rakell           2  0  2   1  4   3  1  0  0  0  1/1    17:23   6:05   0:00 
Tobias Enstrom           0  1  1   1  0   1  0  2  0  0  0/0    20:21   5:39   3:48 

Players Stats for MapleLeafs

Player Name              G  A  P  +/- PIM S  H  SB GA TA FO     MP     PP MP  PK MP  
------------------------------------------------------------------------------------
Antoine Roussel          0  0  0  -2  0   1  1  0  0  0  0/0    17:07   1:23   2:19 
Beau Bennett             0  0  0   0  2   1  1  1  0  0  3/7    17:23   3:25   3:26 
Brandon Montour          0  0  0   0  0   0  1  0  0  0  0/0     5:06   0:06   0:07 
Brian Strait             0  0  0  -1  0   0  0  0  0  0  0/0     3:36   0:06   0:00 
Cody Franson             0  0  0  -1  2   1  2  0  0  0  0/0    11:02   0:00   0:15 
Craig Smith              0  0  0  -1  0   3  1  0  0  0  1/2    14:42   0:49   0:00 
Dmitry Kulikov           0  0  0  -2  2   0  1  1  0  0  0/0    12:48   0:00   1:37 
Frederick Gaudreau       0  0  0  -1  0   2  0  0  0  0  2/5    15:27   0:06   2:13 
Ivan Barbashev           0  0  0  -1  0   0  1  0  0  0  5/19   18:56   1:27   4:09 
Jason Chimera            0  0  0  -2  0   1  0  0  0  0  2/2    21:45   2:51   5:51 
Jason Demers             0  1  1   0  0   1  3  3  0  0  0/0    21:56   2:50   6:43 
Karl Alzner              0  0  0  -2  0   0  0  4  0  0  0/0    22:57   2:02   6:17 
Nazem Kadri              0  0  0  -2  4   0  0  0  0  0  22/35  22:29   3:24   6:29 
Peter Holland            0  0  0  -1  0   0  1  1  0  0  5/16   15:41   0:44   0:00 
Radko Gudas              0  0  0  -2  2   0  4  3  0  0  0/0    21:17   2:02   4:32 
Tanner Glass             1  0  1   0  2   3  2  0  0  0  1/3    14:06   0:44   0:00 
Travis Hamonic           0  1  1   1  2   0  2  1  0  0  0/0    20:43   2:50   6:43 
Zach Bogosian            0  0  0  -1  2   0  1  0  0  0  0/0     4:59   0:00   0:00 

3 Stars

1 - Jamie Benn (WPG)
2 - Hampus Lindholm (WPG)
3 - Nino Niederreiter (WPG)

Power Play

Jets - 0 on 8 Attempt(s) - 0.00%
MapleLeafs - 0 on 3 Attempt(s) - 0.00%

Penalty Kill

Jets - 3 on 3 Attempt(s) - 100.00% - Score 0 goal in Penalty Kill
MapleLeafs - 8 on 8 Attempt(s) - 100.00% - Score 0 goal in Penalty Kill

Team Stat

Jets - Hits : 15 - Faceoff Wins : 48 - Blocked Shots : 5 - Penalty Minutes : 8
MapleLeafs - Hits : 21 - Faceoff Wins : 41 - Blocked Shots : 14 - Penalty Minutes : 18

Official

Referees : Wes McCauley and Evgeny Romasko
Linesman : Bryan Pancich and Steve Barton

Game Notes

No Game Note

Finance

Level 1 -- Attendance: 5294 (81.45%) -- Ticket Income 608 810 $
Level 2 -- Attendance: 5000 (100.00%) -- Ticket Income 400 000 $
Level 3 -- Attendance: 2567 (73.34%) -- Ticket Income 179 690 $
Level 4 -- Attendance: 2262 (80.24%) -- Ticket Income 101 790 $
Luxury Box -- Attendance: 943 (94.30%) -- Ticket Income 212 175 $
Game was played at the Air Canada Center.
Total Attendance: 16066 (85.37%)
Total Ticket Income: 1 502 465 $
Other Income: 225 370 $
Total Income: 1 727 835 $

% Time on Ice - Jets

Lines # - Real PCT - Wanted PCT - Time Play
Normal Forward
1 - 34% - 37% - 13:25
2 - 29% - 34% - 11:20
3 - 30% - 22% - 11:41
4 - 6% - 7% - 2:31
Normal Defense
1 - 30% - 40% - 11:43
2 - 27% - 30% - 10:29
3 - 27% - 20% - 10:34
4 - 16% - 10% - 6:11
PP Forward
1 - 53% - 60% - 6:59
2 - 47% - 40% - 6:08
PP Defense
1 - 57% - 60% - 7:28
2 - 43% - 40% - 5:39
PK Forward
1 - 93% - 60% - 4:36
2 - 7% - 40% - 0:22
PK Defense
1 - 77% - 60% - 3:48
2 - 23% - 40% - 1:10
PK3 Forward
1 - 0% - 60%
2 - 0% - 40%
PK3 Defense
1 - 0% - 60%
2 - 0% - 40%
44 Forward
1 - 78% - 60% - 2:18
2 - 22% - 40% - 0:40
44 Defense
1 - 62% - 60% - 1:50
2 - 38% - 40% - 1:08
Last Minute Offensive  - 0:00
Last Minute Defensive  - 0:00
Total
Forward - 60:00
Defense - 60:00

% Time on Ice - MapleLeafs

Lines # - Real PCT - Wanted PCT - Time Play
Normal Forward
1 - 25% - 35% - 9:54
2 - 37% - 32% - 14:15
3 - 32% - 25% - 12:37
4 - 6% - 8% - 2:11
Normal Defense
1 - 33% - 36% - 12:40
2 - 29% - 34% - 11:13
3 - 28% - 30% - 10:48
4 - 11% - 0% - 4:16
PP Forward
1 - 83% - 60% - 4:06
2 - 17% - 40% - 0:52
PP Defense
1 - 43% - 60% - 2:08
2 - 57% - 40% - 2:50
PK Forward
1 - 68% - 60% - 7:41
2 - 32% - 40% - 3:40
PK Defense
1 - 48% - 60% - 5:25
2 - 52% - 40% - 5:56
PK3 Forward
1 - 73% - 60% - 1:17
2 - 27% - 40% - 0:29
PK3 Defense
1 - 56% - 60% - 0:59
2 - 44% - 40% - 0:47
44 Forward
1 - 76% - 60% - 2:16
2 - 24% - 40% - 0:42
44 Defense
1 - 61% - 60% - 1:48
2 - 39% - 40% - 1:10
Last Minute Offensive  - 0:00
Last Minute Defensive  - 0:00
Total
Forward - 60:00
Defense - 60:00

Play by Play

1st period


0:01 of 1st period - Nazem Kadri wins face-off versus Mikko Koivu in neutral zone.
0:03 of 1st period - Off-side.
0:04 of 1st period - Frans Nielsen wins face-off versus Ivan Barbashev in neutral zone.
0:07 of 1st period - Shot by Rickard Rakell.
0:07 of 1st period - Stopped by Marc-Andre Fleury without a rebound.
0:08 of 1st period - Mika Zibanejad wins face-off versus Tanner Glass in MapleLeafs zone.
0:21 of 1st period - Shot by Nino Niederreiter.
0:21 of 1st period - Shot Blocked by Peter Holland.
0:23 of 1st period - Shot by Marian Hossa.
0:23 of 1st period - Stopped by Marc-Andre Fleury without a rebound.
0:24 of 1st period - Nazem Kadri wins face-off versus Mikko Koivu in MapleLeafs zone.
0:38 of 1st period - Icing by Karl Alzner.
0:39 of 1st period - Frans Nielsen wins face-off versus Nazem Kadri in MapleLeafs zone.
0:42 of 1st period - Shot by Jeff Skinner.
0:42 of 1st period - Shot Misses the Net.
0:45 of 1st period - Icing by Karl Alzner.
0:46 of 1st period - Jason Chimera wins face-off versus Frans Nielsen in MapleLeafs zone.
0:48 of 1st period - Karl Alzner is hit by Frans Nielsen and loses puck.
0:57 of 1st period - Shot by Beau Bennett.
0:57 of 1st period - Shot Misses the Net.
1:22 of 1st period - Icing by Jordie Benn.
1:23 of 1st period - Frans Nielsen wins face-off versus Ivan Barbashev in Jets zone.
1:27 of 1st period - Jeff Skinner is hit by Jason Demers and loses puck.
1:41 of 1st period - Antoine Roussel is hit by Jordie Benn and loses puck.
2:19 of 1st period - Icing by Frans Nielsen.
2:20 of 1st period - Frans Nielsen wins face-off versus Nazem Kadri in Jets zone.
2:45 of 1st period - Off-side.
2:46 of 1st period - Frederick Gaudreau wins face-off versus Mika Zibanejad in neutral zone.
3:01 of 1st period - Marian Hossa is hit by Cody Franson and loses puck.
3:50 of 1st period - Icing by Jonas Brodin.
3:51 of 1st period - Nazem Kadri wins face-off versus Mikko Koivu in Jets zone.
4:27 of 1st period - Icing by Hampus Lindholm.
4:28 of 1st period - Ivan Barbashev wins face-off versus Mikko Koivu in Jets zone.
4:31 of 1st period - Shot by Craig Smith.
4:31 of 1st period - Shot Blocked by Cam Atkinson.
4:33 of 1st period - Shot by Craig Smith.
4:33 of 1st period - Stopped by Cory Schneider without a rebound.
4:34 of 1st period - Radek Faksa wins face-off versus Ivan Barbashev in Jets zone.
4:34 of 1st period - Radek Faksa is hit by Antoine Roussel.
4:52 of 1st period - Shot by Radek Faksa.
4:52 of 1st period - Stopped by Marc-Andre Fleury without a rebound.
4:53 of 1st period - Peter Holland wins face-off versus Mika Zibanejad in MapleLeafs zone.
4:53 of 1st period - Peter Holland is hit by Nino Niederreiter.
5:03 of 1st period - Shot by Tanner Glass.
5:03 of 1st period - Stopped by Cory Schneider with a rebound.
5:07 of 1st period - Shot by Frederick Gaudreau.
5:07 of 1st period - Stopped by Cory Schneider without a rebound.
5:08 of 1st period - Nazem Kadri wins face-off versus Cam Atkinson in Jets zone.
5:33 of 1st period - Shot by Craig Smith.
5:33 of 1st period - Stopped by Cory Schneider without a rebound.
5:34 of 1st period - Radek Faksa wins face-off versus Peter Holland in Jets zone.
5:34 of 1st period - Matt Irwin is hit by Peter Holland and loses puck.
5:40 of 1st period - Jordie Benn is hit by Jason Demers and loses puck.
5:48 of 1st period - Minor Penalty to Tanner Glass for Hooking.
5:49 of 1st period - Mikko Koivu wins face-off versus Nazem Kadri in MapleLeafs zone.
6:45 of 1st period - Jason Chimera is hit by Frans Nielsen and loses puck.
7:02 of 1st period - Shot by Jeff Skinner.
7:02 of 1st period - Deflect By Frans Nielsen.
7:02 of 1st period - Stopped by Marc-Andre Fleury without a rebound.
7:03 of 1st period - Mikko Koivu wins face-off versus Beau Bennett in MapleLeafs zone.
7:07 of 1st period - Cam Atkinson is hit by Travis Hamonic and loses puck.
7:16 of 1st period - Shot by Cam Atkinson.
7:16 of 1st period - Shot Misses the Net.
7:49 of 1st period - Icing by Travis Hamonic.
7:50 of 1st period - Tanner Glass wins face-off versus Mika Zibanejad in MapleLeafs zone.
9:34 of 1st period - Off-side.
9:35 of 1st period - Ivan Barbashev wins face-off versus Mika Zibanejad in neutral zone.
9:48 of 1st period - Shot by Nino Niederreiter.
9:48 of 1st period - Stopped by Marc-Andre Fleury with a rebound.
10:10 of 1st period - Craig Smith is hit by Nino Niederreiter and loses puck.
10:34 of 1st period - Minor Penalty to Rickard Rakell for Delaying the game.
10:35 of 1st period - Nazem Kadri wins face-off versus Radek Faksa in Jets zone.
11:33 of 1st period - Shot by Radko Gudas.
11:33 of 1st period - Shot Blocked by Frans Nielsen.
12:41 of 1st period - Shot by Brian Strait.
12:41 of 1st period - Shot Misses the Net.
12:57 of 1st period - Zach Bogosian is hit by Jamie Benn and loses puck.
14:29 of 1st period - Shot by Jason Demers.
14:29 of 1st period - Shot Misses the Net.
16:59 of 1st period - Shot by Rickard Rakell.
16:59 of 1st period - Shot Blocked by Dmitry Kulikov.
17:01 of 1st period - Shot by Frans Nielsen.
17:01 of 1st period - Shot Misses the Net.
17:03 of 1st period - Shot by Rickard Rakell.
17:03 of 1st period - Goal by Rickard Rakell - Jets : 1 - MapleLeafs : 0.
17:04 of 1st period - Frans Nielsen wins face-off versus Nazem Kadri in neutral zone.
17:17 of 1st period - Shot by Craig Smith.
17:17 of 1st period - Shot Blocked by Tobias Enstrom.
18:04 of 1st period - Shot by Jamie Benn.
18:04 of 1st period - Shot Blocked by Karl Alzner.
18:30 of 1st period - Jeff Skinner is hit by Ivan Barbashev and loses puck.
18:46 of 1st period - Shot by Radek Faksa.
18:46 of 1st period - Shot Misses the Net.
19:58 of 1st period - Shot by Jamie Benn.
19:58 of 1st period - Stopped by Marc-Andre Fleury without a rebound.
19:59 of 1st period - Mikko Koivu wins face-off versus Nazem Kadri in MapleLeafs zone.
Goals for this period are 1 for Jets vs 0 for MapleLeafs.
Shots for this period are 7 for Jets vs 4 for MapleLeafs.

2nd period


0:01 of 2nd period - Mikko Koivu wins face-off versus Nazem Kadri in neutral zone.
0:11 of 2nd period - Icing by Beau Bennett.
0:12 of 2nd period - Frans Nielsen wins face-off versus Nazem Kadri in MapleLeafs zone.
0:13 of 2nd period - Shot by Jeff Skinner.
0:13 of 2nd period - Shot Misses the Net.
1:00 of 2nd period - Radko Gudas is hit by Hampus Lindholm and loses puck.
1:09 of 2nd period - Shot by Jamie Benn.
1:09 of 2nd period - Shot Misses the Net.
1:11 of 2nd period - Shot by Jamie Benn.
1:11 of 2nd period - Stopped by Marc-Andre Fleury without a rebound.
1:12 of 2nd period - Mika Zibanejad wins face-off versus Peter Holland in MapleLeafs zone.
1:15 of 2nd period - Shot by Marian Hossa.
1:15 of 2nd period - Shot Misses the Net.
1:30 of 2nd period - Shot by Tanner Glass.
1:30 of 2nd period - Shot Misses the Net.
1:32 of 2nd period - Shot by Cody Franson.
1:32 of 2nd period - Stopped by Cory Schneider without a rebound.
1:33 of 2nd period - Mikko Koivu wins face-off versus Ivan Barbashev in Jets zone.
1:40 of 2nd period - Icing by Antoine Roussel.
1:41 of 2nd period - Craig Smith wins face-off versus Mikko Koivu in MapleLeafs zone.
2:19 of 2nd period - Minor Penalty to Nazem Kadri for Tripping.
2:20 of 2nd period - Frans Nielsen wins face-off versus Frederick Gaudreau in MapleLeafs zone.
2:37 of 2nd period - Shot by Jason Chimera.
2:37 of 2nd period - Shot Misses the Net.
3:23 of 2nd period - Shot by Mikko Koivu.
3:23 of 2nd period - Stopped by Marc-Andre Fleury without a rebound.
3:24 of 2nd period - Rickard Rakell wins face-off versus Frederick Gaudreau in MapleLeafs zone.
3:37 of 2nd period - Shot by Rickard Rakell.
3:37 of 2nd period - Shot Blocked by Radko Gudas.
3:53 of 2nd period - Shot by Rickard Rakell.
3:53 of 2nd period - Shot Blocked by Karl Alzner.
4:12 of 2nd period - Icing by Mikko Koivu.
4:13 of 2nd period - Cam Atkinson wins face-off versus Ivan Barbashev in Jets zone.
4:32 of 2nd period - Minor Penalty to Cody Franson for Slashing.
4:33 of 2nd period - Nazem Kadri wins face-off versus Mikko Koivu in MapleLeafs zone.
6:44 of 2nd period - Marian Hossa is hit by Tanner Glass and loses puck.
7:01 of 2nd period - Shot by Marian Hossa.
7:01 of 2nd period - Stopped by Marc-Andre Fleury without a rebound.
7:02 of 2nd period - Radek Faksa wins face-off versus Ivan Barbashev in MapleLeafs zone.
7:06 of 2nd period - Minor Penalty to Travis Hamonic for Roughing.
7:06 of 2nd period - Minor Penalty to Bryan Rust for Holding.
7:07 of 2nd period - Ivan Barbashev wins face-off versus Mikko Koivu in MapleLeafs zone.
7:07 of 2nd period - Ivan Barbashev is hit by Jamie Benn.
8:00 of 2nd period - Icing by Antoine Roussel.
8:01 of 2nd period - Mikko Koivu wins face-off versus Tanner Glass in MapleLeafs zone.
8:12 of 2nd period - Shot by Jamie Benn.
8:12 of 2nd period - Stopped by Marc-Andre Fleury without a rebound.
8:13 of 2nd period - Mikko Koivu wins face-off versus Nazem Kadri in MapleLeafs zone.
8:18 of 2nd period - Shot by Jamie Benn.
8:18 of 2nd period - Goal by Jamie Benn - Jets : 2 - MapleLeafs : 0.
8:19 of 2nd period - Nazem Kadri wins face-off versus Mikko Koivu in neutral zone.
8:34 of 2nd period - Nazem Kadri is hit by Jamie Benn and loses puck.
8:39 of 2nd period - Shot by Mikko Koivu.
8:39 of 2nd period - Stopped by Marc-Andre Fleury with a rebound.
8:43 of 2nd period - Shot by Jamie Benn.
8:43 of 2nd period - Shot Misses the Net.
8:45 of 2nd period - Shot by Nick Holden.
8:45 of 2nd period - Goal by Nick Holden - Jets : 3 - MapleLeafs : 0.
8:46 of 2nd period - Frans Nielsen wins face-off versus Nazem Kadri in neutral zone.
9:26 of 2nd period - Shot by Craig Smith.
9:26 of 2nd period - Deflect By Antoine Roussel.
9:26 of 2nd period - Shot Blocked by Matt Irwin.
9:28 of 2nd period - Shot by Antoine Roussel.
9:28 of 2nd period - Stopped by Cory Schneider without a rebound.
9:29 of 2nd period - Peter Holland wins face-off versus Frans Nielsen in Jets zone.
9:36 of 2nd period - Shot by Tanner Glass.
9:36 of 2nd period - Goal by Tanner Glass - Jets : 3 - MapleLeafs : 1.
9:37 of 2nd period - Frans Nielsen wins face-off versus Ivan Barbashev in neutral zone.
9:49 of 2nd period - Shot by Jeff Skinner.
9:49 of 2nd period - Stopped by Marc-Andre Fleury without a rebound.
9:50 of 2nd period - Nazem Kadri wins face-off versus Cam Atkinson in MapleLeafs zone.
10:12 of 2nd period - Icing by Karl Alzner.
10:13 of 2nd period - Frans Nielsen wins face-off versus Nazem Kadri in MapleLeafs zone.
10:13 of 2nd period - Frans Nielsen is hit by Radko Gudas.
10:49 of 2nd period - Shot by Jeff Skinner.
10:49 of 2nd period - Stopped by Marc-Andre Fleury without a rebound.
10:50 of 2nd period - Mikko Koivu wins face-off versus Craig Smith in MapleLeafs zone.
11:03 of 2nd period - Shot by Jamie Benn.
11:03 of 2nd period - Stopped by Marc-Andre Fleury without a rebound.
11:04 of 2nd period - Mika Zibanejad wins face-off versus Peter Holland in MapleLeafs zone.
11:17 of 2nd period - Shot by Nino Niederreiter.
11:17 of 2nd period - Stopped by Marc-Andre Fleury without a rebound.
11:18 of 2nd period - Ivan Barbashev wins face-off versus Mikko Koivu in MapleLeafs zone.
12:38 of 2nd period - Icing by Tanner Glass.
12:39 of 2nd period - Mika Zibanejad wins face-off versus Peter Holland in MapleLeafs zone.
12:43 of 2nd period - Minor Penalty to Radko Gudas for Hooking.
12:44 of 2nd period - Mikko Koivu wins face-off versus Nazem Kadri in MapleLeafs zone.
13:27 of 2nd period - Shot by Jeff Skinner.
13:27 of 2nd period - Shot Hit the Post.
13:33 of 2nd period - Shot by Jeff Skinner.
13:33 of 2nd period - Stopped by Marc-Andre Fleury with a rebound.
13:35 of 2nd period - Shot by Jonas Brodin.
13:35 of 2nd period - Shot Blocked by Travis Hamonic.
13:37 of 2nd period - Shot by Tobias Enstrom.
13:37 of 2nd period - Shot Blocked by Jason Demers.
13:39 of 2nd period - Shot by Frans Nielsen.
13:39 of 2nd period - Shot Blocked by Jason Demers.
13:41 of 2nd period - Shot by Frans Nielsen.
13:41 of 2nd period - Deflect By Jeff Skinner.
13:41 of 2nd period - Stopped by Marc-Andre Fleury with a rebound.
13:43 of 2nd period - Shot by Jonas Brodin.
13:43 of 2nd period - Stopped by Marc-Andre Fleury without a rebound.
13:44 of 2nd period - Beau Bennett wins face-off versus Frans Nielsen in MapleLeafs zone.
13:44 of 2nd period - Ivan Barbashev is hit by Jeff Skinner and loses puck.
14:06 of 2nd period - Icing by Frans Nielsen.
14:07 of 2nd period - Frans Nielsen wins face-off versus Beau Bennett in Jets zone.
14:07 of 2nd period - Frans Nielsen is hit by Beau Bennett.
15:00 of 2nd period - Mika Zibanejad is hit by Brandon Montour and loses puck.
15:06 of 2nd period - Minor Penalty to Zach Bogosian for Hooking.
15:07 of 2nd period - Mikko Koivu wins face-off versus Nazem Kadri in MapleLeafs zone.
15:27 of 2nd period - Shot by Hampus Lindholm.
15:27 of 2nd period - Shot Hit the Post.
16:13 of 2nd period - Shot by Jeff Skinner.
16:13 of 2nd period - Stopped by Marc-Andre Fleury without a rebound.
16:14 of 2nd period - Nazem Kadri wins face-off versus Frans Nielsen in MapleLeafs zone.
16:37 of 2nd period - Shot by Frans Nielsen.
16:37 of 2nd period - Stopped by Marc-Andre Fleury without a rebound.
16:38 of 2nd period - Beau Bennett wins face-off versus Mikko Koivu in MapleLeafs zone.
16:38 of 2nd period - Beau Bennett is hit by Mikko Koivu.
16:58 of 2nd period - Shot by Cam Atkinson.
16:58 of 2nd period - Shot Misses the Net.
17:00 of 2nd period - Shot by Hampus Lindholm.
17:00 of 2nd period - Stopped by Marc-Andre Fleury without a rebound.
17:01 of 2nd period - Beau Bennett wins face-off versus Frans Nielsen in MapleLeafs zone.
17:15 of 2nd period - Marian Hossa is hit by Cody Franson and loses puck.
17:21 of 2nd period - Minor Penalty to Dmitry Kulikov for Hooking.
17:22 of 2nd period - Nazem Kadri wins face-off versus Frans Nielsen in MapleLeafs zone.
17:34 of 2nd period - Minor Penalty to Beau Bennett for Holding.
17:35 of 2nd period - Nazem Kadri wins face-off versus Mikko Koivu in MapleLeafs zone.
18:01 of 2nd period - Shot by Cam Atkinson.
18:01 of 2nd period - Stopped by Marc-Andre Fleury without a rebound.
18:02 of 2nd period - Nazem Kadri wins face-off versus Frans Nielsen in MapleLeafs zone.
19:09 of 2nd period - Shot by Jamie Benn.
19:09 of 2nd period - Stopped by Marc-Andre Fleury without a rebound.
19:10 of 2nd period - Jason Chimera wins face-off versus Mikko Koivu in MapleLeafs zone.
19:38 of 2nd period - Shot by Nino Niederreiter.
19:38 of 2nd period - Shot Misses the Net.
19:44 of 2nd period - Shot by Nino Niederreiter.
19:44 of 2nd period - Stopped by Marc-Andre Fleury with a rebound.
19:56 of 2nd period - Shot by Mika Zibanejad.
19:56 of 2nd period - Shot Misses the Net.
19:58 of 2nd period - Shot by Matt Irwin.
19:58 of 2nd period - Stopped by Marc-Andre Fleury without a rebound.
19:59 of 2nd period - Frans Nielsen wins face-off versus Peter Holland in MapleLeafs zone.
19:59 of 2nd period - Frans Nielsen is hit by Zach Bogosian.
Goals for this period are 2 for Jets vs 1 for MapleLeafs.
Shots for this period are 21 for Jets vs 3 for MapleLeafs.

3rd period


0:01 of 3rd period - Nazem Kadri wins face-off versus Mikko Koivu in neutral zone.
0:03 of 3rd period - Jason Demers is hit by Hampus Lindholm and loses puck.
0:17 of 3rd period - Shot by Cam Atkinson.
0:17 of 3rd period - Stopped by Marc-Andre Fleury without a rebound.
0:18 of 3rd period - Ivan Barbashev wins face-off versus Frans Nielsen in MapleLeafs zone.
0:30 of 3rd period - Shot by Antoine Roussel.
0:30 of 3rd period - Shot Misses the Net.
0:32 of 3rd period - Shot by Craig Smith.
0:32 of 3rd period - Stopped by Cory Schneider without a rebound.
0:33 of 3rd period - Nazem Kadri wins face-off versus Mikko Koivu in Jets zone.
0:38 of 3rd period - Shot by Beau Bennett.
0:38 of 3rd period - Stopped by Cory Schneider without a rebound.
0:39 of 3rd period - Mikko Koivu wins face-off versus Nazem Kadri in Jets zone.
0:43 of 3rd period - Jamie Benn is hit by Jason Demers and loses puck.
0:54 of 3rd period - Shot by Mikko Koivu.
0:54 of 3rd period - Shot Blocked by Jason Demers.
0:56 of 3rd period - Shot by Jonas Brodin.
0:56 of 3rd period - Stopped by Marc-Andre Fleury without a rebound.
0:57 of 3rd period - Frans Nielsen wins face-off versus Ivan Barbashev in MapleLeafs zone.
0:59 of 3rd period - Jeff Skinner is hit by Radko Gudas and loses puck.
1:13 of 3rd period - Icing by Karl Alzner.
1:14 of 3rd period - Mikko Koivu wins face-off versus Ivan Barbashev in MapleLeafs zone.
1:27 of 3rd period - Shot by Jonas Brodin.
1:27 of 3rd period - Shot Misses the Net.
1:35 of 3rd period - Minor Penalty to Jamie Benn for Tripping.
1:36 of 3rd period - Nazem Kadri wins face-off versus Radek Faksa in Jets zone.
1:49 of 3rd period - Shot by Jason Demers.
1:49 of 3rd period - Stopped by Cory Schneider without a rebound.
1:50 of 3rd period - Peter Holland wins face-off versus Radek Faksa in Jets zone.
1:51 of 3rd period - Shot by Radko Gudas.
1:51 of 3rd period - Shot Misses the Net.
1:53 of 3rd period - Shot by Tanner Glass.
1:53 of 3rd period - Stopped by Cory Schneider without a rebound.
1:54 of 3rd period - Nazem Kadri wins face-off versus Radek Faksa in Jets zone.
2:18 of 3rd period - Icing by Jason Chimera.
2:19 of 3rd period - Nazem Kadri wins face-off versus Marian Hossa in MapleLeafs zone.
2:35 of 3rd period - Minor Penalty to Nazem Kadri for Holding.
2:36 of 3rd period - Mikko Koivu wins face-off versus Peter Holland in MapleLeafs zone.
2:37 of 3rd period - Shot by Nino Niederreiter.
2:37 of 3rd period - Shot Blocked by Radko Gudas.
2:39 of 3rd period - Shot by Hampus Lindholm.
2:39 of 3rd period - Shot Misses the Net.
2:43 of 3rd period - Shot by Nino Niederreiter.
2:43 of 3rd period - Stopped by Marc-Andre Fleury without a rebound.
2:44 of 3rd period - Mikko Koivu wins face-off versus Peter Holland in MapleLeafs zone.
2:48 of 3rd period - Nino Niederreiter is hit by Radko Gudas and loses puck.
4:11 of 3rd period - Shot by Jeff Skinner.
4:11 of 3rd period - Stopped by Marc-Andre Fleury without a rebound.
4:12 of 3rd period - Mikko Koivu wins face-off versus Frederick Gaudreau in MapleLeafs zone.
4:15 of 3rd period - Shot by Mikko Koivu.
4:15 of 3rd period - Shot Misses the Net.
4:17 of 3rd period - Shot by Jamie Benn.
4:17 of 3rd period - Shot Misses the Net.
4:19 of 3rd period - Shot by Jonas Brodin.
4:19 of 3rd period - Shot Blocked by Karl Alzner.
4:21 of 3rd period - Shot by Jamie Benn.
4:21 of 3rd period - Stopped by Marc-Andre Fleury without a rebound.
4:22 of 3rd period - Mikko Koivu wins face-off versus Beau Bennett in MapleLeafs zone.
4:29 of 3rd period - Shot by Cam Atkinson.
4:29 of 3rd period - Stopped by Marc-Andre Fleury with a rebound.
4:31 of 3rd period - Shot by Jamie Benn.
4:31 of 3rd period - Deflect By Cam Atkinson.
4:31 of 3rd period - Shot Blocked by Beau Bennett.
4:33 of 3rd period - Shot by Jonas Brodin.
4:33 of 3rd period - Shot Misses the Net.
4:35 of 3rd period - Shot by Tobias Enstrom.
4:35 of 3rd period - Stopped by Marc-Andre Fleury without a rebound.
4:36 of 3rd period - Peter Holland wins face-off versus Nino Niederreiter in MapleLeafs zone.
5:01 of 3rd period - Shot by Mika Zibanejad.
5:01 of 3rd period - Shot Misses the Net.
5:03 of 3rd period - Shot by Marian Hossa.
5:03 of 3rd period - Shot Hit the Post.
5:37 of 3rd period - Jordie Benn is hit by Craig Smith and loses puck.
6:35 of 3rd period - Off-side.
6:36 of 3rd period - Mikko Koivu wins face-off versus Peter Holland in neutral zone.
7:03 of 3rd period - Shot by Jamie Benn.
7:03 of 3rd period - Deflect By Cam Atkinson.
7:03 of 3rd period - Shot Misses the Net.
7:08 of 3rd period - Icing by Zach Bogosian.
7:09 of 3rd period - Peter Holland wins face-off versus Frans Nielsen in MapleLeafs zone.
7:09 of 3rd period - Peter Holland is hit by Rickard Rakell.
7:18 of 3rd period - Minor Penalty to Rickard Rakell for Roughing.
7:19 of 3rd period - Nazem Kadri wins face-off versus Radek Faksa in Jets zone.
7:24 of 3rd period - Shot by Jason Chimera.
7:24 of 3rd period - Stopped by Cory Schneider without a rebound.
7:25 of 3rd period - Nazem Kadri wins face-off versus Radek Faksa in Jets zone.
7:30 of 3rd period - Shot by Radko Gudas.
7:30 of 3rd period - Shot Blocked by Tobias Enstrom.
8:06 of 3rd period - Marian Hossa is hit by Travis Hamonic and loses puck.
9:28 of 3rd period - Off-side.
9:29 of 3rd period - Mikko Koivu wins face-off versus Ivan Barbashev in neutral zone.
10:01 of 3rd period - Icing by Matt Irwin.
10:02 of 3rd period - Mikko Koivu wins face-off versus Peter Holland in Jets zone.
10:09 of 3rd period - Shot by Jamie Benn.
10:09 of 3rd period - Deflect By Cam Atkinson.
10:09 of 3rd period - Stopped by Marc-Andre Fleury with a rebound.
10:11 of 3rd period - Shot by Jamie Benn.
10:11 of 3rd period - Stopped by Marc-Andre Fleury without a rebound.
10:12 of 3rd period - Nazem Kadri wins face-off versus Frans Nielsen in MapleLeafs zone.
10:49 of 3rd period - Shot by Frans Nielsen.
10:49 of 3rd period - Stopped by Marc-Andre Fleury with a rebound.
11:09 of 3rd period - Shot by Peter Holland.
11:09 of 3rd period - Deflect By Frederick Gaudreau.
11:09 of 3rd period - Stopped by Cory Schneider with a rebound.
11:44 of 3rd period - Shot by Jeff Skinner.
11:44 of 3rd period - Shot Blocked by Karl Alzner.
11:46 of 3rd period - Shot by Jonas Brodin.
11:46 of 3rd period - Shot Misses the Net.
11:48 of 3rd period - Shot by Nino Niederreiter.
11:48 of 3rd period - Shot Misses the Net.
11:50 of 3rd period - Shot by Hampus Lindholm.
11:50 of 3rd period - Goal by Hampus Lindholm - Jets : 4 - MapleLeafs : 1.
11:51 of 3rd period - Frans Nielsen wins face-off versus Ivan Barbashev in neutral zone.
11:53 of 3rd period - Jeff Skinner is hit by Dmitry Kulikov and loses puck.
12:14 of 3rd period - Shot by Rickard Rakell.
12:14 of 3rd period - Shot Misses the Net.
12:20 of 3rd period - Shot by Rickard Rakell.
12:20 of 3rd period - Goal by Rickard Rakell - Jets : 5 - MapleLeafs : 1.
12:21 of 3rd period - Nazem Kadri wins face-off versus Mikko Koivu in neutral zone.
12:44 of 3rd period - Shot by Jamie Benn.
12:44 of 3rd period - Stopped by Marc-Andre Fleury without a rebound.
12:45 of 3rd period - Mika Zibanejad wins face-off versus Peter Holland in MapleLeafs zone.
12:50 of 3rd period - Shot by Mika Zibanejad.
12:50 of 3rd period - Shot Misses the Net.
12:56 of 3rd period - Shot by Nino Niederreiter.
12:56 of 3rd period - Shot Misses the Net.
13:06 of 3rd period - Shot by Nino Niederreiter.
13:06 of 3rd period - Stopped by Marc-Andre Fleury without a rebound.
13:07 of 3rd period - Mikko Koivu wins face-off versus Ivan Barbashev in MapleLeafs zone.
13:35 of 3rd period - Karl Alzner is hit by Matt Irwin and loses puck.
14:04 of 3rd period - Shot by Rickard Rakell.
14:04 of 3rd period - Shot Misses the Net.
14:06 of 3rd period - Shot by Frans Nielsen.
14:06 of 3rd period - Stopped by Marc-Andre Fleury without a rebound.
14:07 of 3rd period - Frederick Gaudreau wins face-off versus Nino Niederreiter in MapleLeafs zone.
15:29 of 3rd period - Shot by Jeff Skinner.
15:29 of 3rd period - Shot Blocked by Radko Gudas.
16:00 of 3rd period - Shot by Cam Atkinson.
16:00 of 3rd period - Stopped by Marc-Andre Fleury without a rebound.
16:01 of 3rd period - Mikko Koivu wins face-off versus Ivan Barbashev in MapleLeafs zone.
16:53 of 3rd period - Icing by Ivan Barbashev.
16:54 of 3rd period - Mika Zibanejad wins face-off versus Ivan Barbashev in MapleLeafs zone.
16:59 of 3rd period - Shot by Marian Hossa.
16:59 of 3rd period - Deflect By Nino Niederreiter.
16:59 of 3rd period - Shot Hit the Post.
17:56 of 3rd period - Icing by Dmitry Kulikov.
17:57 of 3rd period - Frans Nielsen wins face-off versus Peter Holland in MapleLeafs zone.
18:06 of 3rd period - Tobias Enstrom is hit by Tanner Glass.
18:09 of 3rd period - Off-side.
18:10 of 3rd period - Nazem Kadri wins face-off versus Mikko Koivu in neutral zone.
18:57 of 3rd period - Icing by Radko Gudas.
18:58 of 3rd period - Frans Nielsen wins face-off versus Beau Bennett in MapleLeafs zone.
19:00 of 3rd period - Jeff Skinner is hit by Radko Gudas and loses puck.
19:45 of 3rd period - Antoine Roussel is hit by Nick Holden and loses puck.
Goals for this period are 2 for Jets vs 0 for MapleLeafs.
Shots for this period are 16 for Jets vs 6 for MapleLeafs.